 Dungeon Crawl Stone Soup version 0.22.1-1-ga44c0e56f4 (webtiles) character file.

106 PikkenKukken the Insei (level 4, -11/34 HPs)
             Began as a Gnoll Transmuter on Sept 30, 2018.
             Killed by divine providence
             ... invoked by an orc priest
              (12 damage)
             ... on level 3 of the Dungeon.
             The game lasted 00:05:45 (2589 turns).

PikkenKukken the Insei (Gnoll Transmuter)           Turns: 2589, Time: 00:05:46

Health: -11/34     AC:  3    Str: 12    XL:     4   Next: 84%
Magic:  2/11       EV: 15    Int: 17    God:
Gold:   104        SH:  0    Dex: 15    Spells: 10/13 levels left

rFire    . . .     SeeInvis .   j - +2 dagger (venom)
rCold    . . .     Gourm    .   (no shield)
rNeg     . . .     Faith    .   b - +0 robe
rPois    +         Spirit   .   i - +0 helmet
rElec    .         Reflect  .   (no cloak)
rCorr    .         Harm     .   (no gloves)
MR       .....                  (no boots)
Stlth    ++........             (no amulet)
HPRegen  0.11/turn              g - ring of poison resistance
MPRegen  0.12/turn              (no ring)

@: no status effects
A: distributed training, fangs 1, strong nose
a: no special abilities


You were on level 3 of the Dungeon.
You were hungry.

You visited 1 branch of the dungeon, and saw 3 of its levels.

You collected 104 gold pieces.

Inventory:

Hand Weapons
 j - a +2 dagger of venom (weapon)
Missiles
 a - 36 arrows
 e - 12 javelins (quivered)
Armour
 b - a +0 robe (worn)
 i - a +0 helmet (worn)
Jewellery
 g - a ring of poison resistance (left hand)
 l - an uncursed amulet of faith
Potions
 h - a potion of flight
Comestibles
 d - 5 rations
 f - 10 chunks of flesh


   Skills:
 + Level 2.8 Fighting
 + Level 1.2 Short Blades
 + Level 1.2 Long Blades
 + Level 1.2 Axes
 + Level 1.2 Maces & Flails
 + Level 1.2 Polearms
 + Level 1.2 Staves
 + Level 1.2 Slings
 + Level 1.2 Bows
 + Level 1.2 Crossbows
 + Level 1.2 Throwing
 + Level 1.2 Armour
 + Level 4.7 Dodging
 + Level 1.2 Stealth
 + Level 1.2 Shields
 + Level 6.6 Unarmed Combat
 + Level 5.1 Spellcasting
 + Level 1.0 Conjurations
 + Level 1.0 Hexes
 + Level 1.0 Charms
 + Level 1.0 Summonings
 + Level 1.0 Necromancy
 + Level 1.0 Translocations
 + Level 3.9 Transmutations
 + Level 1.0 Fire Magic
 + Level 1.0 Ice Magic
 + Level 1.0 Air Magic
 + Level 1.0 Earth Magic
 + Level 1.0 Poison Magic
 + Level 1.3 Invocations
 + Level 1.2 Evocations


You had 10 spell levels left.
You knew the following spells:

 Your Spells              Type           Power        Failure   Level  Hunger
a - Beastly Appendage     Tmut           ###...       2%          1    None
b - Sticks to Snakes      Tmut           ###.....     4%          2    #......

Your spell library contained the following spells:

 Spells                   Type           Power        Failure   Level  Hunger
 Spider Form              Tmut/Pois      ##........   16%         3    ###....
 Ice Form                 Ice/Tmut       ##......     45%         4    ####...
 Blade Hands              Tmut           ###.......   61%         5    ######.


Dungeon Overview and Level Annotations

Branches:
Dungeon (3/15)

Altars:
Ashenzari


Innate Abilities, Weirdness & Mutations

Your experience applies equally to all skills.
You have very sharp teeth.
Your uncanny sense of smell can sniff out nearby items.


Message History

Your ball python bites the orc priest.
Your ball python constricts the orc priest.
The gnoll hits you but does no damage.
The orc priest hits you but does no damage.
Unknown command.
Your ball python bites the orc priest.
Your ball python constricts the orc priest.
The gnoll hits you but does no damage.
The orc priest mumbles some strange prayers to Beogh against you.
Beogh smites you!
* * * LOW HITPOINT WARNING * * *
Unknown command.
You feel less wooden.
Your +0 helmet unmelds from your body.
Your +0 robe unmelds from your body.
Your ball python bites the orc priest but does no damage.
Your ball python constricts the orc priest.
The gnoll barely misses you.
The orc priest mumbles some strange prayers to Beogh against you.
Beogh smites you!
You die...

. ...
#....#########.#.)
#..ogog)@SSg....
##..og####o(....
....#.#.# .....
.##...... ....
...#.#s# ...
....#.#g# .. #.. #
..# . #.∆ ..## #.
∆ .. ##.


You could see an orc priest, an orc wizard, 2 gnolls, 2 orcs, a hobgoblin, a
goblin, a friendly adder and a friendly ball python.

Vanquished Creatures
  A gnoll (D:3)
  3 adders (D:2)
  A worm (D:2)
  A dart slug (D:3)
  A leopard gecko (D:1)
  4 orcs (D:3)
  3 giant cockroaches
  10 goblins
  5 hobgoblins
  3 jackals (D:3)
  3 quokkas
  5 bats
  2 frilled lizards
  2 kobolds
  A leopard gecko zombie (D:3)
  4 rats
49 creatures vanquished.

Vanquished Creatures (collateral kills)
  Robin (D:2)
  7 goblins
  A jackal (D:3)
  A kobold (D:3)
10 creatures vanquished.

Grand Total: 59 creatures vanquished

Notes
Turn   | Place    | Note
-------+----------+-------------------------------------------
     0 | D:1      | PikkenKukken the Gnoll Transmuter began the quest for the
                  | Orb.
     0 | D:1      | Reached XP level 1. HP: 17/17 MP: 6/6
   198 | D:1      | Reached XP level 2. HP: 21/23 MP: 7/7
   544 | D:1      | Learned a level 2 spell: Sticks to Snakes
   772 | D:2      | Reached XP level 3. HP: 27/28 MP: 2/9
   774 | D:2      | Reached skill level 5 in Spellcasting
   901 | D:2      | Noticed Robin
   995 | D:2      | Reached skill level 1 in Invocations
  1002 | D:2      | Killed Robin
  1447 | D:2      | Reached skill level 1 in Short Blades
  1447 | D:2      | Reached skill level 1 in Long Blades
  1447 | D:2      | Reached skill level 1 in Axes
  1447 | D:2      | Reached skill level 1 in Maces & Flails
  1447 | D:2      | Reached skill level 1 in Polearms
  1447 | D:2      | Reached skill level 1 in Staves
  1447 | D:2      | Reached skill level 1 in Slings
  1447 | D:2      | Reached skill level 1 in Bows
  1447 | D:2      | Reached skill level 1 in Crossbows
  1447 | D:2      | Reached skill level 1 in Throwing
  1447 | D:2      | Reached skill level 1 in Armour
  1447 | D:2      | Reached skill level 1 in Stealth
  1447 | D:2      | Reached skill level 1 in Shields
  1447 | D:2      | Reached skill level 1 in Evocations
  1549 | D:2      | Reached XP level 4. HP: 16/34 MP: 9/11
  1856 | D:2      | Found a shattered altar of Ashenzari.
  2562 | D:3      | Reached skill level 1 in Conjurations
  2562 | D:3      | Reached skill level 1 in Hexes
  2562 | D:3      | Reached skill level 1 in Charms
  2562 | D:3      | Reached skill level 1 in Summonings
  2562 | D:3      | Reached skill level 1 in Necromancy
  2562 | D:3      | Reached skill level 1 in Translocations
  2562 | D:3      | Reached skill level 1 in Fire Magic
  2562 | D:3      | Reached skill level 1 in Ice Magic
  2562 | D:3      | Reached skill level 1 in Air Magic
  2562 | D:3      | Reached skill level 1 in Earth Magic
  2562 | D:3      | Reached skill level 1 in Poison Magic
  2588 | D:3      | HP: 1/51 [orc priest/divine providence (14)]
  2589 | D:3      | Killed from afar by an orc priest

Skill      XL: |  1  2  3  4 |
---------------+-------------+-----
Spellcasting   | 5 |  5.1
Invocations    | 1 |  1.3
Short Blades   | 1 |  1.2
Long Blades    | 1 |  1.2
Axes           | 1 |  1.2
Maces & Flails | 1 |  1.2
Polearms       | 1 |  1.2
Staves         | 1 |  1.2
Slings         | 1 |  1.2
Bows           | 1 |  1.2
Crossbows      | 1 |  1.2
Throwing       | 1 |  1.2
Armour         | 1 |  1.2
Stealth        | 1 |  1.2
Shields        | 1 |  1.2
Evocations     | 1 |  1.2
Conjurations   | 1 |  1.0
Hexes          | 1 |  1.0
Charms         | 1 |  1.0
Summonings     | 1 |  1.0
Necromancy     | 1 |  1.0
Translocations | 1 |  1.0
Fire Magic     | 1 |  1.0
Ice Magic      | 1 |  1.0
Air Magic      | 1 |  1.0
Earth Magic    | 1 |  1.0
Poison Magic   | 1 |  1.0
Fighting       | |  2.8
Dodging        | |  4.7
Unarmed Combat | |  6.6
Transmutations | |  3.9

Action                   |  1- 3 |  4- 6 || total
-------------------------+-------+-------++-------
Melee: Unarmed           |    30 |       ||    30
       Bite              |     4 |     4 ||     8
       Headbutt          |     4 |       ||     4
       Dagger            |    22 |    50 ||    72
       Kick              |     3 |     7 ||    10
       Punch             |     1 |       ||     1
Throw: Javelin           |    11 |       ||    11
 Cast: Beastly Appendage |     8 |     5 ||    13
       Sticks to Snakes  |    11 |     8 ||    19
  Use: Scroll            |     3 |     4 ||     7
       Potion            |       |     3 ||     3
 Stab: Distracted        |     1 |       ||     1
  Eat: Chunk             |     2 |     3 ||     5
Armor: Robe              |    13 |     4 ||    17
       Skin              |       |    57 ||    57
Dodge: Dodged            |    38 |    44 ||    82
